AoeStats
← Bacus8

Fortress

508700672Analyzed
4v4 RM · 10d ago on Sep 23, 2026· 55m 15s· 8 players
Game mode
Random Map
Map size
Huge
Population
200
Speed
Normal
Resources
Standard
Victory
Conquest
Starting age
Dark Age
Ending age
Imperial Age
RankedLock teamsTeams togetherTeam positionsShared explorationLock speedFull tech treeHidden civsTurbo modeCheats
Victory
Defeat
🇻🇳 Shu · Vietnam
976
+15
🇻🇳 Huns · Vietnam
970
+15
🇨🇳 Poles · China
948
+16
🇮🇳 Vietnamese · India
944
+16
🇪🇸 Franks · Spain
966
-17
🇩🇪 Byzantines · Germany
950
-16
🇷🇸 Turks · Serbia
943
-15
🇹🇷 Huns · Türkiye
912
-14
Tonik
9:16 Feudal Age
10:32 Double-Bit Axe
10:29 Horse Collar
11:28 Wheelbarrow
14:32 Castle Age
13:25 Town Watch
13:27 Loom
16:05 Bow Saw
17:28 Stone Mining
17:28 Gold Mining
19:16 Heavy Plow
20:22 Hand Cart
28:23 Imperial Age
26:56 Fletching
27:07 Padded Archer Armor
27:30 Ballistics
27:24 Masonry
27:10 Murder Holes
27:29 Fortified Wall
30:53 Bodkin Arrow
DonLeberkaso
2:32 Loom
6:37 Feudal Age
7:29 Double-Bit Axe
7:28 Horse Collar
13:22 Castle Age
15:33 Wheelbarrow
15:17 Bow Saw
14:45 Pikeman
17:28 Heavy Plow
18:29 Squires
19:14 Scale Barding Armor
26:59 Imperial Age
26:29 Fortified Wall
26:58 Fletching
27:31 Guard Tower
28:42 Treadmill Crane
30:17 Conscription
29:44 Elite Skirmisher
32:42 Hoardings
32:32 Ballistics
34:42 Bodkin Arrow
35:14 Thumb Ring
35:57 Squires
37:56 Chemistry
38:54 Bracer
38:57 Scale Mail Armor
38:58 Padded Archer Armor
42:12 Murder Holes
42:39 Bombard Tower
43:30 Greek Fire
Nightman
7:13 Feudal Age
8:49 Horse Collar
13:59 Castle Age
11:58 Double-Bit Axe
15:12 Bow Saw
15:54 Heavy Plow
26:30 Imperial Age
23:50 Loom
23:54 Town Watch
24:57 Scale Barding Armor
25:03 Forging
25:01 Marauders
27:05 Bloodlines
26:56 Husbandry
27:01 Scale Mail Armor
27:19 Gold Mining
27:20 Stone Mining
28:37 Iron Casting
28:22 Chain Barding Armor
28:56 Gold Shaft Mining
29:57 Wheelbarrow
33:39 Squires
33:03 Pikeman
34:34 Plate Barding Armor
35:00 Blast Furnace
34:30 Padded Archer Armor
34:21 Fletching
34:20 Halberdier
36:09 Chain Mail Armor
35:38 Cavalier
42:44 Paladin
45:03 Conscription
Bacus8
7:49 Feudal Age
8:54 Double-Bit Axe
13:44 Castle Age
12:26 Wheelbarrow
11:39 Loom
16:10 Hand Cart
19:27 Husbandry
19:43 Forging
19:39 Scale Barding Armor
23:38 Gold Mining
27:42 Imperial Age
25:57 Gold Shaft Mining
25:28 Stone Mining
27:00 Iron Casting
27:11 Bow Saw
28:29 Cavalier
30:07 Paladin
31:55 Chain Barding Armor
32:36 Blast Furnace
32:17 Conscription
34:43 Plate Barding Armor
40:05 Scale Mail Armor
39:55 Fletching
40:05 Padded Archer Armor
41:23 Light Cavalry
42:35 Murder Holes
Capt. Abisto
1:06 Loom
9:50 Feudal Age
12:11 Double-Bit Axe
12:13 Horse Collar
15:44 Castle Age
13:57 Fletching
14:07 Padded Archer Armor
18:48 Bow Saw
19:03 Gold Mining
19:16 Heavy Plow
20:33 Wheelbarrow
20:59 Hand Cart
22:01 Bodkin Arrow
22:22 Leather Archer Armor
27:52 Imperial Age
26:02 Ballistics
25:54 Fortified Wall
28:40 Thumb Ring
27:56 Elite Skirmisher
29:47 Chemistry
28:53 Siege Engineers
29:27 Paper Money
31:08 Bracer
31:38 Ring Archer Armor
30:32 Elite Rattan Archer
36:05 Forging
35:55 Scale Mail Armor
35:47 Arson
36:02 Squires
36:08 Caravan
37:39 Iron Casting
38:28 Elite Fire Lancer
38:37 Pikeman
40:39 Chain Mail Armor
42:01 Halberdier
44:43 Plate Mail Armor
Holder
6:57 Feudal Age
8:17 Wheelbarrow
12:08 Castle Age
11:09 Horse Collar
11:16 Double-Bit Axe
16:05 Loom
19:42 Pikeman
20:09 Gambesons
20:24 Squires
22:28 Scale Mail Armor
22:41 Forging
33:41 Imperial Age
31:29 Hand Cart
34:49 Halberdier
35:58 Coiled Serpent Array
36:36 Conscription
37:03 Chain Mail Armor
36:56 Scale Barding Armor
37:05 Elite White Feather Guard
39:25 Husbandry
40:35 Chemistry
42:50 Arson
52:25 Siege Engineers
52:24 Bolt Magazine
Kennyciu
8:56 Feudal Age
13:35 Castle Age
11:25 Double-Bit Axe
15:21 Wheelbarrow
19:49 Bow Saw
20:15 Gold Mining
24:44 Imperial Age
23:27 Marauders
24:20 Husbandry
24:32 Bloodlines
25:49 Conscription
27:44 Gold Shaft Mining
28:34 Forging
28:29 Scale Barding Armor
29:38 Hand Cart
34:43 Two-Man Saw
33:28 Horse Collar
33:20 Elite Tarkan
35:10 Iron Casting
34:55 Chain Barding Armor
37:00 Blast Furnace
40:54 Plate Barding Armor
42:32 Caravan
妍芸
8:05 Feudal Age
8:44 Double-Bit Axe
8:41 Horse Collar
13:52 Castle Age
16:38 Wheelbarrow
16:15 Bow Saw
18:40 Hand Cart
21:04 Scale Barding Armor
21:22 Heavy Plow
21:57 Bloodlines
21:48 Husbandry
21:59 Loom
22:40 Husbandry
24:10 Szlachta Privileges
24:55 Forging
25:52 Chain Barding Armor
27:00 Iron Casting
30:08 Imperial Age
29:44 Fletching
31:22 Conscription
30:25 Cavalier
32:08 Blast Furnace
Connection lost

Rejoining the realm…

Still unreachable

The connection could not be restored.

Session expired

The server has moved on; the page needs a fresh start.